Map: Radhuset Station LE

Players

Subwayeatn - Winner!

  • Race: Zerg Zerg
  • League: Platinum
  • Spawn Location: 7:00

JerBearC

  • Race: Protoss Protoss
  • League: Platinum
  • Spawn Location: 1:00

VOD

Have the link to the VOD?

Description

Time

  • Played on: Oct. 19, 2023, 9:43 p.m.
  • Length: 12:15
Show
View Real Time Build Order
Export as new Build Order

Subwayeatn Zerg - Winner!

Build Orders: Pool First, Lurkers 

Get SALT Encoding   

  12  0:18  Spawning Pool  
  11  0:22  Drone  
  11  0:26  Drone  
  13  0:30  Drone  
  14  0:40  Overlord  
  14  1:07  Hatchery  
  14  1:10  Zergling x2  
  14  1:14  Zergling x2  
  14  1:18  Zergling x2  
  16  1:22  Zergling x2  
  18  1:32  Zergling x2  
  18  1:40  Queen  
  18  1:44  Drone  
  21  1:53  Drone  
  17  2:46  Queen  
  19  3:02  Drone x6, Extractor  
  24  3:06  Hatchery  
  23  3:21  Drone x5  
  28  3:31  Overlord  
  28  3:35  Overlord  
  28  4:05  Roach Warren  
  28  4:08  Drone x7  
  34  4:11  Lair  
  34  4:16  Extractor  
  33  4:18  Extractor  
  33  4:19  Extractor  
  33  4:20  Queen  
  33  4:24  Queen  
  33  4:27  Drone x3  
  38  4:35  Drone x3  
  41  4:50  Overlord  
  41  4:54  Overlord  
  41  5:05  Evolution Chamber  
  41  5:06  Drone x6, Evolution Chamber  
  45  5:07  Drone  
  45  5:10  Drone  
  47  5:24  Glial Reconstitution  
  47  5:33  Zerg Ground Armor Level 1  
  47  5:34  Zerg Missile Weapons Level 1  
  47  5:37  Drone x4  
  47  5:39  Drone x2  
  47  5:41  Drone  
  54  5:43  Drone  
  54  5:45  Drone  
  56  6:01  Spore Crawler  
  56  6:02  Hydralisk Den  
  54  6:06  Spore Crawler  
  54  6:10  Spore Crawler  
  52  6:14  Queen  
  52  6:15  Queen  
  56  6:26  Overlord  
  56  6:27  Overlord x4  
  56  6:37  Overlord  
  56  6:49  Drone  
  56  6:51  Pneumatized Carapace  
  57  7:04  Muscular Augments  
  57  7:09  Overseer  
  57  7:11  Overseer  
  57  7:13  Overseer  
  57  7:15  Hydralisk x8  
  57  7:16  Hydralisk  
  57  7:22  Zergling x2  
  76  7:31  Zerg Ground Armor Level 2  
  76  7:32  Zerg Missile Weapons Level 2  
  76  7:40  Drone x7, Extractor  
  76  7:42  Extractor  
  81  7:45  Zergling x2  
  81  7:47  Zergling x2  
  83  8:00  Lurker Den  
  83  8:05  Drone x10  
  92  8:08  Overlord, Grooved Spines  
  92  8:11  Overlord  
  92  8:16  Drone  
  92  8:33  Hydralisk  
  92  8:34  Hydralisk x6  
  106  8:48  Infestation Pit  
  105  8:49  Zergling x2  
  105  8:50  Zergling x2  
  105  8:52  Overlord  
  105  8:53  Overlord  
  107  9:01  Overlord  
  107  9:08  Zergling x2  
  108  9:12  Overlord  
  108  9:19  Roach  
  108  9:20  Roach x6  
  108  9:21  Roach x2  
  126  9:24  Lurker x4  
  126  9:25  Lurker  
  126  9:28  Hatchery  
  126  9:30  Lurker x4  
  134  9:37  Metabolic Boost  
  134  9:38  Overlord  
  134  9:39  Overlord  
  134  9:47  Hatchery  
  133  9:59  Hydralisk  
  133  10:00  Hydralisk x4  
  143  10:16  Hive  
  143  10:17  Overlord x2  
  143  10:18  Overseer  
  143  10:29  Overseer  
  143  10:33  Hydralisk x7  
  157  10:37  Overlord  
  157  10:54  Drone x3, Extractor  
  157  10:55  Drone x2, Extractor  
  157  10:56  Queen  
  162  11:08  Zergling x2  
  162  11:09  Overlord  
  163  11:19  Overseer  
  163  11:21  Hydralisk x4  
  163  11:22  Hydralisk x6  
Show
View Real Time Build Order
Export as new Build Order

JerBearC Protoss 

Build Orders:  

Get SALT Encoding   

  12  0:01  Probe  
  13  0:13  Probe  
  14  0:24  Pylon  
  14  0:26  Probe  
  15  0:42  Probe (Chrono Boost)  
  16  0:45  Gateway  
  16  0:54  Probe (Chrono Boost)  
  16  0:57  Assimilator  
  17  1:04  Probe (Chrono Boost)  
  18  1:13  Probe  
  19  1:28  Probe  
  20  1:35  Cybernetics Core  
  20  1:50  Probe, Pylon  
  21  2:09  Adept (Chrono Boost)  
  18  2:30  Adept (Chrono Boost)  
  18  2:43  Shield Battery  
  18  2:53  Probe  
  19  2:58  Stalker  
  19  3:03  Warp Gate  
  21  3:07  Pylon  
  21  3:08  Probe  
  22  3:26  Gateway x2  
  22  3:34  Stargate  
  22  3:35  Probe (Chrono Boost)  
  23  3:42  Adept  
  25  4:00  Nexus  
  25  4:09  Probe  
  26  4:15  Assimilator  
  26  4:21  Probe  
  27  4:34  Probe  
  32  4:42  Void Ray  
  32  4:46  Probe  
  33  4:58  Probe  
  34  5:12  Probe (Chrono Boost)  
  36  5:14  Probe (Chrono Boost)  
  36  5:23  Pylon  
  36  5:24  Probe (Chrono Boost)  
  36  5:26  Probe (Chrono Boost)  
  42  5:34  Void Ray, Probe  
  43  5:37  Probe  
  44  5:44  Twilight Council  
  44  5:53  Probe x2 (Chrono Boost)  
  46  6:05  Probe x2 (Chrono Boost)  
  46  6:10  Zealot x3  
  54  6:20  Charge  
  54  6:22  Probe x2  
  56  6:31  Pylon  
  56  6:34  Assimilator, Probe  
  56  6:35  Probe  
  58  6:45  Pylon  
  58  6:47  Probe x2  
  60  6:51  Zealot  
  60  6:52  Zealot x2  
  66  6:57  Pylon  
  66  6:59  Probe x2 (Chrono Boost)  
  68  7:08  Assimilator  
  68  7:14  Stargate x2  
  68  7:21  Probe  
  73  7:25  Void Ray  
  73  7:29  Pylon  
  73  7:44  Robotics Facility  
  73  7:45  Probe x2  
  75  7:52  Gateway  
  75  7:53  Gateway  
  75  7:56  Gateway  
  75  7:57  Probe (Chrono Boost)  
  75  7:58  Probe (Chrono Boost)  
  81  8:10  Void Ray  
  81  8:17  Zealot x3  
  91  8:35  Void Ray  
  91  8:47  Zealot  
  93  9:02  Forge  
  93  9:03  Pylon, Forge  
  93  9:04  Pylon  
  101  9:27  Void Ray x2  
  101  9:33  Observer  
  102  9:38  Zealot x2  
  102  9:39  Zealot x2  
  110  10:03  Pylon x2  
  110  10:04  Protoss Ground Weapons Level 1  
  110  10:05  Protoss Ground Armor Level 1, Pylon  
  109  10:22  Zealot x2  
  109  10:23  Zealot x4  
  121  10:38  Pylon  
  121  10:40  Nexus  
  129  10:43  Void Ray x2  
  129  10:54  Pylon  
  129  10:55  Pylon  
  129  11:03  Void Ray  
  133  11:08  Zealot x3  
  139  11:23  Pylon x2  
  139  11:24  Pylon  
  74  11:58  Zealot x5  
  74  11:59  Zealot  
Tags
 
Composition
Lurkers
Matchup
PvZ
Opening
Pool First
Replay Pack
Multiplayer
Spawn Locations
Cross Positions
Add a new tag
Caveats
  • Supply blocks, unpowered buildings, or Contaminate may cause inaccurate times.
  • Supply counts are checked every 10 seconds.